 Dungeon Crawl Stone Soup version 0.15.2 (webtiles) character file.

258 HiobMontag the Gusty (level 6, -1/38 HPs)
             Began as a Halfling Air Elementalist on Dec 8, 2014.
             Was an Initiate of Sif Muna.
             Slain by Kite's ghost (7 damage)
             ... on Level 4 of the Dungeon.
             The game lasted 00:22:34 (4933 turns).

HiobMontag the Gusty (Halfling Air Elementalist)    Turns: 4933, Time: 00:22:34

HP  -1/38        AC  8     Str 11 (13) XL: 6   Next: 40%
MP   1/11        EV 15     Int 16      God: Sif Muna [......]
Gold 156         SH  0     Dex 13      Spells:  4 memorised,  2 levels left

rFire  . . .     SeeInvis .     x - +1 dagger (protect)
rCold  . . .     Clarity  .     a - +0 robe
rNeg   . . .     rCorr    .     (no shield)
rPois  .         rRot     .     (no helmet)
rElec  .         Spirit   .     k - +0 cloak
SustAb .         Warding  .     (no gloves)
rMut   .         Stasis   .     (no boots)
Gourm  .                        (no amulet)
MR     .....                    (no ring)
                                (no ring)

@: mighty, very slightly contaminated, repel missiles, not resistant to hostile
enchantments, unstealthy
A: clumsy 1, mutation resistance 1
a: Renounce Religion


You were on level 4 of the Dungeon.
You worshipped Sif Muna.
Sif Muna was noncommittal.
You were hungry.

You visited 1 branch of the dungeon, and saw 4 of its levels.

You collected 156 gold pieces.

Inventory:

Hand weapons
 s - a cursed +0 hunting sling
 x - a +1 dagger of protection (weapon)
Missiles
 l - 48 stones (quivered)
Armour
 a - a +0 robe (worn)
 h - the cursed +0 robe of Trawnakouq {Str+2 Dex+3, unknown}
   (You found it on level 4 of the Dungeon)

   It affects your strength (+2).
   It affects your dexterity (+3).
   It has a curse placed upon it.
 k - a +0 cloak (worn)
Magical devices
 e - a wand of magic darts (4) {unknown}
 o - a wand of frost (7)
 t - a wand of disintegration (2)
 v - a wand of disintegration (11)
Comestibles
 c - 2 bread rations
 m - 2 fruits
Scrolls
 d - a scroll of blinking {unknown}
 g - a scroll of fear
 n - a scroll of remove curse {unknown}
Potions
 f - a potion of mutation
 j - a potion of degeneration
 p - a potion of brilliance {unknown}
 q - a potion of restore abilities {unknown}
 r - a potion of haste
Books
 b - a book of Air

   Spells                             Type                      Level
   *Shock                             Conjuration/Air              1
   *Swiftness                         Charms/Air                   2
   *Repel Missiles                    Charms/Air                   2
   Flight                             Charms/Air                   3
   *Static Discharge                  Conjuration/Air              3
   Lightning Bolt                     Conjuration/Air              5


   Skills:
 + Level 1.0 Fighting
 + Level 1.1 Short Blades
 + Level 1.0 Throwing
 + Level 3.4 Dodging
 + Level 2.2 Stealth
 + Level 2.7 Spellcasting
 + Level 2.0 Conjurations
 + Level 4.4 Air Magic
 + Level 0.4 Evocations


You had 2 spell levels left.
You knew the following spells:

 Your Spells              Type           Power        Failure   Level  Hunger
a - Shock                 Conj/Air       ##..         8%          1    #......
b - Repel Missiles        Chrm/Air       #.....       14%         2    ##.....
c - Static Discharge      Conj/Air       ##......     17%         3    ###....
d - Swiftness             Chrm/Air       #.......     14%         2    ##.....


Dungeon Overview and Level Annotations

Branches:
Dungeon (4/15)
 Temple: D:4-7

Altars:
Elyvilon
Sif Muna
Vehumet

Annotations:
D:4 Kite's ghost, experienced MiDK


Innate Abilities, Weirdness & Mutations

You are small and have problems with some larger weapons.
You are somewhat resistant to further mutation.
You are clumsy. (Dex -2)


Message History

Press: ? - help, Shift-Dir - straight line, f/p - Kite's ghost
Aim: Kite's ghost (severely damaged)
You miscast Shock.
You are very lightly contaminated with residual magic.
You are blasted with air!
Casting: Shock
Confirm with . or Enter, or press ? or * to list all spells.
Aiming: Shock
Press: ? - help, Shift-Dir - straight line, f/p - Kite's ghost
Aim: Kite's ghost (severely damaged)
The zap hits Kite's ghost.
Kite's ghost appears unharmed.
Kite's ghost is severely damaged.
Kite's ghost closely misses you.
Casting: Shock
Confirm with . or Enter, or press ? or * to list all spells.
Aiming: Shock
Press: ? - help, Shift-Dir - straight line, f/p - Kite's ghost
Aim: Kite's ghost (severely damaged)
The zap misses Kite's ghost.
Kite's ghost hits you!
You die...

############
####..........#
#%....$##.###.#
#.##.#.##.# #.###### #.
..##.# #(.....# #
.#.##.# ######.#####
##.#.##@######.......#
.........W......#.###.#
#..#####.......#.###.#
# #....[..#..##.#
#.<.....##.##.#
#.......##.##.#
##.............#
.........##.####
.##.##.##.##.#


You could see Kite's ghost.

Vanquished Creatures
  The ghost of SaintRoka the Sneak, an average NaEn (D:3)
  An orc wizard (D:3)
  Ijyb (D:2)
  3 adders
  2 worms
  An ooze (D:3)
  3 orcs (D:3)
  3 ball pythons
  5 bats
  12 goblins
  8 hobgoblins
  7 jackals
  8 kobolds
  A quokka (D:3)
  4 giant cockroaches
  2 giant newts
  6 rats
68 creatures vanquished.

Notes
Turn   | Place    | Note
--------------------------------------------------------------
     0 | D:1      | HiobMontag, the Halfling Air Elementalist, began the quest for the Orb.
     0 | D:1      | Reached XP level 1. HP: 11/11 MP: 2/2
   614 | D:1      | Reached XP level 2. HP: 6/17 MP: 0/3
   906 | D:1      | Learned a level 2 spell: Repel Missiles
  1463 | D:1      | Reached XP level 3. HP: 21/21 MP: 1/5
  2000 | D:2      | Reached skill level 1 in Conjurations
  2070 | D:2      | Noticed Ijyb
  2161 | D:2      | Killed Ijyb
  2161 | D:2      | Reached XP level 4. HP: 9/27 MP: 0/6
  2449 | D:2      | Reached skill level 4 in Air Magic
  2573 | D:2      | Found a white marble altar of Elyvilon.
  2728 | D:2      | Learned a level 3 spell: Static Discharge
  3068 | D:2      | Gained mutation: You are clumsy. (Dex -2) [potion of mutation]
  3235 | D:2      | Found a deep blue altar of Sif Muna.
  3241 | D:2      | Became a worshipper of Sif Muna the Loreminder
  3390 | D:3      | Found a radiant altar of Vehumet.
  3607 | D:3      | Noticed SaintRoka's ghost (average NaEn)
  3662 | D:3      | Killed SaintRoka's ghost
  3662 | D:3      | Reached XP level 5. HP: 8/32 MP: 0/9
  3702 | D:3      | Reached XP level 6. HP: 12/37 MP: 0/11
  3887 | D:3      | Learned a level 2 spell: Swiftness
  4261 | D:3      | Reached skill level 1 in Fighting
  4267 | D:3      | Reached skill level 1 in Throwing
  4663 | D:3      | Reached skill level 1 in Short Blades
  4829 | D:4      | Got a shimmering robe
  4863 | D:4      | Noticed Kite's ghost (experienced MiDK)
  4933 | D:4      | Slain by Kite's ghost

Action                   |  1- 3 |  4- 6 || total
-------------------------+-------+-------++-------
Melee: Unarmed           |    21 |       ||    21
       Dagger            |    29 |     7 ||    36
       Short sword       |    27 |    37 ||    64
Throw: Stone             |     1 |    16 ||    17
 Cast: Shock             |    64 |   119 ||   183
       Repel Missiles    |       |     1 ||     1
       Swiftness         |       |     1 ||     1
       Static Discharge  |       |     1 ||     1
Evoke: Wand              |       |     7 ||     7
  Use: Scroll            |     2 |     5 ||     7
       Potion            |       |     6 ||     6
  Eat: Chunk             |     5 |    11 ||    16
